 Dungeon Crawl Stone Soup version 0.30-a0-141-g30f27751c5 (webtiles) character file.

Game seed: 9361864579183447779

1026 Belterius the Chopper (level 8, 0/70 HPs)
             Began as a Minotaur Fighter on Sept 25, 2022.
             Was an Initiate of Hepliaklqana.
             Slain by a lemure (6 damage)
             ... led by Pikel
             ... on level 6 of the Dungeon.
             The game lasted 00:08:37 (5323 turns).

Belterius the Chopper (Minotaur Fighter)            Turns: 5323, Time: 00:08:37

Health: 0/70       AC:  7    Str: 22    XL:     8   Next: 2%
Magic:  7/7        EV:  8    Int:  5    God:    Hepliaklqana [......]
Gold:   256        SH:  9    Dex: 11    Spells: 7/7 levels left

rFire   . . .      SeeInvis .    c - +1 hand axe (vorpal)
rCold   + . .      Faith    .    t - +0 kite shield
rNeg    . . .      Spirit   .    b - +0 scale mail
rPois   .          Reflect  .    (helmet restricted)
rElec   .          Harm     .    (no cloak)
rCorr   .          Rampage  .    (no gloves)
Will    .....                    (no boots)
Stlth   ..........               (no amulet)
HPRegen 0.21/turn                y - ring of protection from cold
MPRegen 0.10/turn                (no ring)

@: no status effects
A: horns 2, retaliatory headbutt
a: Renounce Religion


You were on level 6 of the Dungeon.
You worshipped Hepliaklqana.
Hepliaklqana was noncommittal.
You visited 2 branches of the dungeon, and saw 7 of its levels.

You collected 256 gold pieces.

Inventory:

Hand Weapons
 a - a +0 war axe
 c - a +1 vorpal hand axe (weapon)
Missiles
 i - 7 boomerangs (quivered)
Armour
 b - a +0 scale mail (worn)
 t - a +0 kite shield (worn)
Jewellery
 x - a +6 ring of intelligence
 y - a ring of protection from cold (left hand)
 B - a +4 ring of evasion
Wands
 d - a wand of quicksilver (8)
 v - a wand of paralysis (9)
Scrolls
 e - a scroll of torment {unknown}
 f - 3 scrolls of teleportation {unknown}
 h - a scroll of vulnerability {unknown}
 j - 2 scrolls of immolation {unknown}
 k - 2 scrolls of enchant weapon {unknown}
 l - 2 scrolls of enchant armour {unknown}
 n - 4 scrolls of butterflies {unknown}
 o - 4 scrolls of identify {unknown}
 p - 3 scrolls of poison {unknown}
 q - a scroll of noise {unknown}
 u - a scroll of magic mapping {unknown}
 A - a scroll of blinking {unknown}
Potions
 g - a potion of magic {unknown}
 m - 5 potions of curing
 r - 2 potions of flight {unknown}
 s - a potion of ambrosia {unknown}
 w - a potion of degeneration {unknown}
 z - a potion of heal wounds {unknown}
 C - a potion of might
 D - a potion of resistance {unknown}


   Skills:
 + Level 6.2 Fighting
 * Level 7.3 Axes
 + Level 6.1 Armour
 + Level 6.2 Shields


You had 7 spell levels left.
You didn't know any spells.
Your spell library contained the following spells:

 Spells                   Type           Power      Damage    Failure   Level
 Leda's Liquefaction      Hex/Erth       0%         N/A       100%        4
 Lee's Rapid Deconstruct  Erth           0%         3d5*      100%        5
 Statue Form              Tmut/Erth      0%         N/A       100%        6
 Malign Gateway           Summ/Tloc      0%         N/A       100%        7
 Summon Horrible Things   Summ           0%         N/A       100%        8


Dungeon Overview and Level Annotations

Branches:
Dungeon (6/15)             Temple (1/1) D:6

Altars:
Ashenzari
Elyvilon
Fedhas
Hepliaklqana
Kikubaaqudgha
Makhleb
Nemelex Xobeh
Qazlal
Ru
Sif Muna
Trog
Vehumet
Wu Jian
Xom
Yredelemnul
The Shining One

Shops:
D:4 !

Annotations:
D:6 Pikel


Innate Abilities, Weirdness & Mutations

You have a pair of horns on your head.
You reflexively headbutt those who attack you in melee.


Message History

You are too injured to fight recklessly!
There are monsters nearby!
Unknown command.
You are too injured to fight recklessly!
There are monsters nearby!
Unknown command.
Unknown command.
You are too injured to fight recklessly!
There are monsters nearby!
Unknown command.
You are too injured to fight recklessly!
There are monsters nearby!
Unknown command.
You are too injured to fight recklessly!
There are monsters nearby!
Unknown command.
You are too injured to fight recklessly!
There are monsters nearby!
You completely miss Pikel.
Pikel is severely wounded.
You barely miss the lemure. You closely miss the lemure. You hit the lemure.
The lemure hits you. The lemure hits you but does no damage.
Pikel drinks a potion.
Pikel is healed!
You block the lemure's attack.
Unknown command.
You hit Pikel but do no damage.
Pikel is moderately wounded.
You hit the lemure. You closely miss the lemure.
You hit the lemure but do no damage. The lemure hits you!
* * * LOW HITPOINT WARNING * * *
Pikel says, "Time is money, and you're costing me too much!"
Pikel hits you with a +1 whip of flaming!
* * * LOW HITPOINT WARNING * * *
Pikel burns you.
* * * LOW HITPOINT WARNING * * *
You block the lemure's attack. The lemure barely misses you.
You hit Pikel.
Pikel is heavily wounded.
You hit the lemure. You hit the lemure but do no damage.
You closely miss the lemure. The lemure hits you.
You die...

..#.# ##..# #. #.#....#..# #
#.##.........#.#
...#....#.....#
................#
................#.
#....#...55K...... #...#
#.5@....#. +...####........#
##....#............. #
##.......#....<......##..#.
##........#................##
#......................###...
+....................~~~.....
#......#...........)~~~~~....
###..............#..~~~§§~§§..


You could see Pikel and 3 lemures.

Vanquished Creatures
  Sigmund (D:2)
  A steam dragon (D:6)
  Edmund (D:4)
  A sky beast (D:6)
  A lemure (D:6)
  A howler monkey (D:4)
  A hound (D:5)
  A jelly (D:6)
  2 orc priests (D:3)
  4 iguanas
  Ijyb (D:4)
  2 orc wizards
  Robin (D:3)
  6 adders
  An ufetubus (D:6)
  A worm (D:3)
  3 dart slugs
  8 orcs
  9 ball pythons
  5 endoplasms
  4 giant cockroaches
  17 goblins
  9 hobgoblins
  10 jackals
  2 quokkas (D:2)
  10 bats
  4 frilled lizards
  6 kobolds
  6 rats
119 creatures vanquished.

Notes
Turn   | Place    | Note
-------+----------+-------------------------------------------
     0 | D:1      | Belterius the Minotaur Fighter began the quest for the Orb.
     0 | D:1      | Reached XP level 1. HP: 19/19 MP: 0/0
   200 | D:1      | Reached XP level 2. HP: 27/27 MP: 1/1
   285 | D:1      | Reached skill level 3 in Axes
   638 | D:2      | Reached XP level 3. HP: 28/33 MP: 2/2
   732 | D:2      | Noticed Sigmund
   740 | D:2      | Killed Sigmund
   741 | D:2      | Reached skill level 4 in Axes
   741 | D:2      | Reached XP level 4. HP: 24/41 MP: 3/3
   741 | D:2      | Reached XP level 5. HP: 28/47 MP: 4/4
  1453 | D:3      | Reached skill level 5 in Axes
  1824 | D:3      | Reached XP level 6. HP: 55/55 MP: 5/5
  1878 | D:3      | Noticed Robin
  1889 | D:3      | Killed Robin
  1890 | D:3      | Reached skill level 5 in Shields
  1996 | D:3      | Found a faded altar of an unknown god.
  2005 | D:3      | Reached skill level 5 in Fighting
  2005 | D:3      | Reached skill level 5 in Armour
  2234 | D:4      | Found Ihopp's Distillery.
  2421 | D:4      | Found a sacrificial altar of Ru.
  2461 | D:4      | Noticed Edmund
  2478 | D:4      | Killed Edmund
  2479 | D:4      | Reached skill level 6 in Axes
  2479 | D:4      | Reached XP level 7. HP: 16/61 MP: 6/6
  2740 | D:4      | Noticed Ijyb
  2751 | D:4      | Killed Ijyb
  3675 | D:5      | Entered Level 5 of the Dungeon
  3894 | D:5      | Found a glowing golden altar of the Shining One.
  4023 | D:5      | Found a bloodstained altar of Trog.
  4525 | D:6      | Noticed a steam dragon
  4534 | D:6      | Killed a steam dragon
  4535 | D:6      | Reached skill level 7 in Axes
  4738 | D:6      | Found a staircase to the Ecumenical Temple.
  4753 | Temple   | Entered the Ecumenical Temple
  5112 | Temple   | Became a worshipper of Hepliaklqana the Forgotten
  5195 | D:6      | Reached XP level 8. HP: 65/70 MP: 7/7
  5312 | D:6      | Noticed Pikel
  5323 | D:6      | Slain by a lemure

Illustrated notes

Levels and vault maps discovered:
D:1:      nicolae_arrival_memento_mori, layout_rooms,
          chequers_serial_rivers_micro_e, hangedman_decor_riveting
D:2:      layout_basic, uniq_sigmund
D:3:      layout_loops_cross, ebering_ecumenical_altar_mist, uniq_robin
D:4:      layout_loops_corners, nicolae_ru_great_annihilating_truth,
          serial_shops, shop, uniq_ijyb, uniq_edmund
D:5:      layout_basic, tso_oasis_becter, lemuel_tele_altar
D:6:      layout_layer_cave, minmay_temple_entry_mist, nicolae_hexahallways,
          uniq_pikel
Temple:   oiseaux_autumnal_temple

Skill      XL: |  1  2  3  4  5  6  7 |
---------------+----------------------+-----
Axes           | 3 4 5 6 7 |  7.3
Shields        | 4 5 6 |  6.2
Armour         | 4 5 6 |  6.1
Fighting       | 4 5 6 |  6.2

Action                   |  1- 3 |  4- 6 |  7- 9 || total
-------------------------+-------+-------+-------++-------
Melee: War axe           |    60 |   122 |    30 ||   212
       Headbutt          |     7 |    23 |    13 ||    43
       Hand axe          |       |       |    46 ||    46
Throw: Boomerang         |       |     1 |       ||     1
Evoke: Wand              |       |       |     1 ||     1
  Use: Potion            |       |     1 |       ||     1
 Stab: Paralysed         |       |       |     2 ||     2
Armor: Scale mail        |    46 |    36 |    28 ||   110
Dodge: Dodged            |    38 |    49 |    28 ||   115
Block: Buckler           |    17 |    34 |     6 ||    57
       Kite shield       |       |       |    21 ||    21

Table legend: (Time is in decaauts)
 A = Elapsed time spent in this place.
 B = Non-inter-level travel time spent in this place.
 C = Inter-level travel time spent in this place.
 D = Time resting spent in this place.
 E = Time spent auto-exploring this place.
 F = Levels seen in this place.
 G = Mean time per level.
                   A        B        C        D        E       F      G
               +--------+--------+--------+--------+--------+-----+--------+
         Total |   5413 |   5215 |    198 |    434 |   3869 |   7 |  773.3 |
       Dungeon |   5017 |   4819 |    198 |    434 |   3665 |   6 |  836.2 |
        Temple |    395 |    395 |      0 |      0 |    203 |   1 |  395.0 |
               +--------+--------+--------+--------+--------+-----+--------+

Top non-repeatable levels by time:
     D:4: 1396 daAuts
     D:3: 979 daAuts
     D:2: 716 daAuts
     D:6: 660 daAuts
     D:1: 648 daAuts
     D:5: 616 daAuts
  Temple: 395 daAuts
